RES
LEICHHARDT LIONS @ RANDWICK GREEN SOX
04/08/2022
 
TOP OF THE 1ST
Leichhardt Lions batting - Pitching for Randwick Green Sox : RHP Danny Chugg
Pitching: RHP Danny Chugg
Batting: SHB Robb Deadman 0-0: Ball
1-0: Foul Ball, location: 2F
1-1: Swinging Strike
1-2: Ground out 6-3 (Groundball, 56, EV 98.1 MPH)
Batting: RHB Jamie Hanigan 0-0: Ball
1-0: Ball
2-0: Foul Ball, location: 7LMF
2-1: Called Strike
2-2: Ground out 5-3 (Groundball, 56, EV 79.4 MPH)
Batting: LHB Danny Martin 0-0: Called Strike
0-1: Called Strike
0-2: Ball
1-2: Fly out, F8 (Flyball, 78D, EV 106.9 MPH)
Top of the 1st over - 0 runs, 0 hits, 0 errors, 0 left on base; Leichhardt 0 - Randwick 0
BOTTOM OF THE 1ST
Randwick Green Sox batting - Pitching for Leichhardt Lions : RHP Vic Henry
Pitching: RHP Vic Henry
Batting: LHB Rodger Curnow 0-0: Called Strike
0-1: Ball
1-1: Ground out 6-3 (Groundball, 6, EV 90.6 MPH)
Batting: RHB Art Alderson 0-0: Called Strike
0-1: Swinging Strike
0-2: Foul Ball, location: 2F
0-2: Fly out, F3 (Line Drive, 3, EV 70.6 MPH)
Batting: RHB Tony Green 0-0: SINGLE (Line Drive, 8LS, EV 105.0 MPH)
Batting: RHB Bob Ghey 0-0: Ball
Tony Green steals 2nd base
1-0: Foul Ball, location: 5SF
1-1: Swinging Strike
1-2: Ball
2-2: Ball
3-2: Foul Ball, location: 2F
3-2: Strikes out swinging
Bottom of the 1st over - 0 runs, 1 hit, 0 errors, 1 left on base; Leichhardt 0 - Randwick 0
TOP OF THE 2ND
Leichhardt Lions batting - Pitching for Randwick Green Sox : RHP Danny Chugg
Batting: LHB Davin Gilder 0-0: Swinging Strike
0-1: Ball
1-1: Ball
2-1: SOLO HOME RUN (Flyball, 7D, EV 103.1 MPH), Distance : 400 ft
Batting: RHB David Halse 0-0: Foul Ball, location: 23FF
0-1: Foul Ball, location: 5DF
0-2: Ground out 6-3 (Groundball, 6, EV 83.1 MPH)
Batting: LHB Joba Clifton 0-0: Called Strike
0-1: Foul Ball, location: 7LMF
0-2: Ball
1-2: Ball
2-2: Ball
3-2: Base on Balls
Batting: LHB Keegan Goldthorpe 0-0: Called Strike
0-1: Foul Ball, location: 23FF
0-2: Ball
1-2: Fielders Choice at 2nd, 6-4 (Groundball, 6, EV 90.6 MPH)
Batting: SHB Jason Coaker 0-0: Ball
1-0: Ball
2-0: Foul Ball, location: 7LMF
2-1: Foul Ball, location: 7LMF
2-2: Foul Ball, location: 2F
2-2: Foul Ball, location: 25F
2-2: Ball
3-2: Base on Balls
Keegan Goldthorpe to second
Batting: SHB Jim Stoneman 0-0: Ball
1-0: Foul Ball, location: 7LSF
1-1: Called Strike
1-2: Strikes out swinging
Top of the 2nd over - 1 run, 1 hit, 0 errors, 2 left on base; Leichhardt 1 - Randwick 0
BOTTOM OF THE 2ND
Randwick Green Sox batting - Pitching for Leichhardt Lions : RHP Vic Henry
Batting: RHB Derik Fahey 0-0: Called Strike
0-1: Fly out, F8 (Flyball, 8RD, EV 84.4 MPH)
Batting: LHB Tony Tassell 0-0: Ball
1-0: Called Strike
1-1: Ball
2-1: Ground out 3-1 (Groundball, 34, EV 85.0 MPH)
Batting: RHB Pete Sherrell 0-0: Fly out, F6 (Popup, 56D, EV 63.1 MPH)
Bottom of the 2nd over - 0 runs, 0 hits, 0 errors, 0 left on base; Leichhardt 1 - Randwick 0
TOP OF THE 3RD
Leichhardt Lions batting - Pitching for Randwick Green Sox : RHP Danny Chugg
Batting: SHB Robb Deadman 0-0: Foul Ball, location: 2F
0-1: Ball
1-1: SINGLE (Groundball, 2R, EV 72.5 MPH) (infield hit)
Batting: RHB Jamie Hanigan 0-0: Bunted foul
0-1: Sac Bunt to P - play at first, batter OUT! 1-3
Robb Deadman to second
Batting: LHB Danny Martin 0-0: Ground out 5-3 (Groundball, 56S, EV 77.5 MPH)
Robb Deadman to third
Batting: LHB Davin Gilder 0-0: Swinging Strike
0-1: Foul Ball, location: 3F
0-2: Ball
1-2: Ball
2-2: Strikes out swinging
Top of the 3rd over - 0 runs, 1 hit, 0 errors, 1 left on base; Leichhardt 1 - Randwick 0
BOTTOM OF THE 3RD
Randwick Green Sox batting - Pitching for Leichhardt Lions : RHP Vic Henry
Batting: LHB Colin Firman 0-0: Called Strike
0-1: Foul Ball, location: 2F
0-2: Ball
1-2: Foul Ball, location: 25F
1-2: Ball
2-2: Strikes out swinging
Batting: RHB Louis Wibberley 0-0: Ball
1-0: Ground out 4-3 (Groundball, 4, EV 101.3 MPH)
Batting: LHB Rodger Curnow 0-0: Foul Ball, location: 2F
0-1: Ball
1-1: Ground out 5-3 (Groundball, 56, EV 85.0 MPH)
Bottom of the 3rd over - 0 runs, 0 hits, 0 errors, 0 left on base; Leichhardt 1 - Randwick 0
TOP OF THE 4TH
Leichhardt Lions batting - Pitching for Randwick Green Sox : RHP Danny Chugg
Batting: RHB David Halse 0-0: Ball
1-0: Ball
2-0: Ball
3-0: Called Strike
3-1: Called Strike
3-2: SINGLE (Groundball, 34D, EV 103.8 MPH)
Batting: LHB Joba Clifton 0-0: Sac Bunt to 13S - play at first, batter OUT! 1-3
David Halse to second
Batting: LHB Keegan Goldthorpe 0-0: SINGLE (Groundball, 15S, EV 73.8 MPH) (infield hit)
David Halse to third
Batting: SHB Jason Coaker 0-0: Ball
1-0: Ball
2-0: Called Strike
2-1: Fly out, F6 (Flyball, 56D, EV 85.6 MPH)
Batting: SHB Jim Stoneman 0-0: Swinging Strike
0-1: Foul Ball, location: 7LMF
0-2: Ball
1-2: Strikes out swinging
Top of the 4th over - 0 runs, 2 hits, 0 errors, 2 left on base; Leichhardt 1 - Randwick 0
BOTTOM OF THE 4TH
Randwick Green Sox batting - Pitching for Leichhardt Lions : RHP Vic Henry
Batting: RHB Art Alderson 0-0: Ball
1-0: SINGLE (Line Drive, 7S, EV 104.4 MPH)
Batting: RHB Tony Green 0-0: Ball
1-0: Foul Ball, location: 2F
1-1: Foul Ball, location: 9LMF
1-2: Fly out, F6 (Popup, 15, EV 88.1 MPH)
Batting: RHB Bob Ghey 0-0: Called Strike
0-1: Ball
1-1: Called Strike
1-2: Strikes out looking
Batting: RHB Derik Fahey 0-0: Fly out, F8 (Flyball, 8RD, EV 101.3 MPH)
Bottom of the 4th over - 0 runs, 1 hit, 0 errors, 1 left on base; Leichhardt 1 - Randwick 0
TOP OF THE 5TH
Leichhardt Lions batting - Pitching for Randwick Green Sox : RHP Danny Chugg
Batting: SHB Robb Deadman 0-0: Called Strike
0-1: Ball
1-1: Foul Ball, location: 2F
1-2: Foul Ball, location: 9LSF
1-2: Strikes out looking
Batting: RHB Jamie Hanigan 0-0: Ball
1-0: Called Strike
1-1: Swinging Strike
1-2: Foul Ball, location: 9LDF
1-2: Reached on error, E3 (Groundball, 34, EV 103.1 MPH)
Batting: LHB Danny Martin 0-0: Fly out, F7 (Flyball, 7D, EV 104.4 MPH)
Batting: LHB Davin Gilder 0-0: Ball
Jamie Hanigan is caught stealing 2nd base 2-6
Top of the 5th over - 0 runs, 0 hits, 1 error, 0 left on base; Leichhardt 1 - Randwick 0
BOTTOM OF THE 5TH
Randwick Green Sox batting - Pitching for Leichhardt Lions : RHP Vic Henry
Batting: LHB Tony Tassell 0-0: Foul Ball, location: 2F
0-1: Called Strike
0-2: Ball
1-2: Ball
2-2: Ball
3-2: Fly out, F7 (Flyball, 78M, EV 86.3 MPH)
Batting: RHB Pete Sherrell 0-0: Foul Ball, location: 2F
0-1: Ball
1-1: SINGLE (Line Drive, 89S, EV 99.4 MPH)
Batting: LHB Colin Firman 0-0: Called Strike
0-1: Ball
1-1: Ball
Wild Pitch!
Pete Sherrell to second
2-1: Ball
3-1: Swinging Strike
3-2: Base on Balls
Batting: RHB Louis Wibberley 0-0: Ball
1-0: Swinging Strike
1-1: Ground out 5-3 (Groundball, 56S, EV 56.9 MPH)
Pete Sherrell to third
Colin Firman to second
Batting: LHB Rodger Curnow 0-0: Ball
1-0: Fly out, F9 (Flyball, 9LM, EV 88.8 MPH)
Bottom of the 5th over - 0 runs, 1 hit, 0 errors, 2 left on base; Leichhardt 1 - Randwick 0
TOP OF THE 6TH
Leichhardt Lions batting - Pitching for Randwick Green Sox : RHP Danny Chugg
Batting: LHB Davin Gilder 0-0: Foul Ball, location: 7LMF
0-1: Swinging Strike
0-2: Strikes out looking
Batting: RHB David Halse 0-0: Foul Ball, location: 23FF
0-1: Called Strike
0-2: Ball
1-2: Ground out 5-3 (Groundball, 56S, EV 102.5 MPH)
Batting: LHB Joba Clifton 0-0: Ball
1-0: Foul Ball, location: 2F
1-1: Ball
2-1: Ball
3-1: Fly out, F6 (Popup, 6M, EV 58.8 MPH)
Top of the 6th over - 0 runs, 0 hits, 0 errors, 0 left on base; Leichhardt 1 - Randwick 0
BOTTOM OF THE 6TH
Randwick Green Sox batting - Pitching for Leichhardt Lions : RHP Vic Henry
Batting: RHB Art Alderson 0-0: Called Strike
0-1: Ball
1-1: Ground out 5-3 (Groundball, 56S, EV 67.5 MPH)
Batting: RHB Tony Green 0-0: Ball
1-0: Called Strike
1-1: Swinging Strike
1-2: Ball
2-2: Foul Ball, location: 3FF
2-2: Fly out, F3 (Popup, 3SF, EV 84.4 MPH)
Batting: RHB Bob Ghey 0-0: Called Strike
0-1: Ball
1-1: DOUBLE (Line Drive, 7LS, EV 107.5 MPH)
Batting: RHB Derik Fahey 0-0: Ball
1-0: Swinging Strike
1-1: Fly out, F9 (Flyball, 9, EV 83.8 MPH)
Bottom of the 6th over - 0 runs, 1 hit, 0 errors, 1 left on base; Leichhardt 1 - Randwick 0
TOP OF THE 7TH
Leichhardt Lions batting - Pitching for Randwick Green Sox : RHP Danny Chugg
Batting: LHB Keegan Goldthorpe 0-0: Ball
1-0: Ball
2-0: Ball
3-0: Called Strike
3-1: Foul Ball, location: 5SF
3-2: SINGLE (Groundball, 3S, EV 69.4 MPH) (infield hit)
Pitching: RHP Luke Gault
Batting: SHB Jason Coaker 0-0: Called Strike
0-1: Ball
1-1: Ball
2-1: Swinging Strike
2-2: Fielders Choice at 2nd, 4-6 (Groundball, 4, EV 91.3 MPH)
Batting: SHB Jim Stoneman 0-0: Called Strike
0-1: Fly out, F5 (Popup, 56, EV 69.4 MPH)
Batting: SHB Robb Deadman 0-0: SINGLE (Groundball, 34D, EV 105.6 MPH)
Jason Coaker to second
Runner from 2nd tries for 3rd, SAFE, throw by RF made to third
Batting: RHB Jamie Hanigan 0-0: Called Strike
0-1: Swinging Strike
0-2: Strikes out swinging
Top of the 7th over - 0 runs, 2 hits, 0 errors, 2 left on base; Leichhardt 1 - Randwick 0
BOTTOM OF THE 7TH
Randwick Green Sox batting - Pitching for Leichhardt Lions : RHP Vic Henry
Batting: LHB Tony Tassell 0-0: Ball
1-0: Called Strike
1-1: Foul Ball, location: 3DF
1-2: Foul Ball, location: 2F
1-2: Ball
2-2: Foul Ball, location: 7LMF
2-2: Strikes out swinging
Batting: RHB Pete Sherrell 0-0: Ball
1-0: Foul Ball, location: 5F
1-1: Called Strike
1-2: Strikes out swinging
Batting: LHB Colin Firman 0-0: Foul Ball, location: 2F
0-1: Foul Ball, location: 3F
0-2: Ball
1-2: Ball
2-2: Ground out 6-3 (Groundball, 6, EV 85.6 MPH)
Bottom of the 7th over - 0 runs, 0 hits, 0 errors, 0 left on base; Leichhardt 1 - Randwick 0
TOP OF THE 8TH
Leichhardt Lions batting - Pitching for Randwick Green Sox : RHP Luke Gault
Batting: LHB Danny Martin 0-0: Swinging Strike
0-1: Called Strike
0-2: Ball
1-2: Strikes out swinging, 2-3 out at first.
Batting: LHB Davin Gilder 0-0: Foul Ball, location: 7LSF
0-1: Ball
1-1: Ground out U3 (Groundball, 34, EV 86.3 MPH)
Batting: RHB David Halse 0-0: Ball
1-0: Ball
2-0: Ball
3-0: Called Strike
3-1: Fly out, F8 (Flyball, 89D, EV 103.1 MPH)
Top of the 8th over - 0 runs, 0 hits, 0 errors, 0 left on base; Leichhardt 1 - Randwick 0
BOTTOM OF THE 8TH
Randwick Green Sox batting - Pitching for Leichhardt Lions : RHP Vic Henry
Pitching: RHP Brian Phippen
Batting: RHB Louis Wibberley 0-0: Called Strike
0-1: Ball
1-1: Ball
2-1: Foul Ball, location: 9LMF
2-2: Ground out 6-3 (Groundball, 6, EV 83.1 MPH)
Batting: LHB Rodger Curnow 0-0: SINGLE (Groundball, 6M, EV 98.1 MPH) (infield hit)
Batting: LHB Bob Gurney 0-0: Ball
1-0: Swinging Strike
1-1: SINGLE (Groundball, 4, EV 105.6 MPH) (infield hit)
Rodger Curnow to second
Batting: RHB Tony Green 0-0: Ball
1-0: Ball
2-0: Called Strike
2-1: Ball
3-1: Fly out, F9 (Flyball, 89M, EV 100.0 MPH)
Batting: RHB Bob Ghey 0-0: Ball
1-0: Foul Ball, location: 25F
1-1: Ball
2-1: Fly out, F7 (Line Drive, 7LM, EV 102.5 MPH)
Bottom of the 8th over - 0 runs, 2 hits, 0 errors, 2 left on base; Leichhardt 1 - Randwick 0
TOP OF THE 9TH
Leichhardt Lions batting - Pitching for Randwick Green Sox : RHP Luke Gault
Pitching: LHP Laidley Dellow
Batting: LHB Joba Clifton 0-0: Called Strike
0-1: Called Strike
0-2: Strikes out swinging
Batting: LHB Keegan Goldthorpe 0-0: Fly out, F9 (Flyball, 9D, EV 105.6 MPH)
Batting: SHB Jason Coaker 0-0: Called Strike
0-1: Ball
1-1: Ground out 4-3 (Groundball, 4, EV 88.8 MPH)
Top of the 9th over - 0 runs, 0 hits, 0 errors, 0 left on base; Leichhardt 1 - Randwick 0
BOTTOM OF THE 9TH
Randwick Green Sox batting - Pitching for Leichhardt Lions : RHP Brian Phippen
Pitching: RHP Douggie Wyer
Now at 1B: Kel Hackworth
Now at 2B: Jim Stoneman
Now at SS: Abe Tofield
Batting: RHB Derik Fahey 0-0: Ball
1-0: Foul Ball, location: 3F
1-1: Ball
2-1: Ball
3-1: SINGLE (Groundball, 4MD, EV 104.4 MPH)
Batting: LHB Tony Tassell 0-0: Ball
1-0: Foul Ball, location: 7LSF
1-1: Ball
2-1: Ball
3-1: Sac Bunt to 3S - play at first, batter OUT! 3-4
Derik Fahey to second
Batting: RHB Pete Sherrell 0-0: Ground out 6-3 (Groundball, 6, EV 86.3 MPH)
Batting: LHB Colin Firman 0-0: SINGLE (Line Drive, 4M, EV 104.4 MPH)
Derik Fahey to third
Runner from 3rd tries for Home, SAFE, throw by CF to home
Colin Firman to second
Pinch Hitting: RHB Bill Berryman 0-0: Fly out, F8 (Flyball, 78M, EV 88.1 MPH)
Bottom of the 9th over - 1 run, 2 hits, 0 errors, 1 left on base; Leichhardt 1 - Randwick 1
TOP OF THE 10TH
Leichhardt Lions batting - Pitching for Randwick Green Sox : LHP Laidley Dellow
Now at C: Keefe Lucking
Pinch Hitting: LHB Frank Sheard 0-0: Ball
1-0: Ground out U3 (Groundball, 13, EV 78.1 MPH)
Batting: SHB Robb Deadman 0-0: Ball
1-0: Foul Ball, location: 23F
1-1: Ball
2-1: Ball
3-1: SINGLE (Flyball, 7, EV 88.1 MPH)
Batting: RHB Jamie Hanigan 0-0: Ball
1-0: Called Strike
1-1: Called Strike
1-2: SINGLE (Line Drive, 56D, EV 99.4 MPH)
Robb Deadman to second
Batting: LHB Danny Martin 0-0: Called Strike
0-1: SINGLE (Line Drive, 89S, EV 95.0 MPH)
Robb Deadman to third
Jamie Hanigan to second
Batting: LHB Davin Gilder 0-0: Foul Ball, location: 7LSF
0-1: Ball
1-1: SINGLE (Groundball, 34, EV 101.9 MPH)
Robb Deadman scores
Jamie Hanigan to third
Danny Martin to second
Runner from 3rd tries for Home, SAFE, throw by RF to home
Batting: RHB Kel Hackworth 0-0: Ball
1-0: SINGLE (Groundball, 25, EV 71.9 MPH) (infield hit)
Danny Martin to third
Davin Gilder to second
Batting: LHB Joba Clifton 0-0: Ball
1-0: Ball
2-0: Ball
3-0: Called Strike
3-1: Called Strike
3-2: Grounds into double play, 6-2-3 (Groundball, 6MS, EV 68.1 MPH)
Top of the 10th over - 2 runs, 5 hits, 0 errors, 2 left on base; Leichhardt 3 - Randwick 1
BOTTOM OF THE 10TH
Randwick Green Sox batting - Pitching for Leichhardt Lions : RHP Douggie Wyer
Now at 2B: Noel Mayor
Batting: LHB Rodger Curnow 0-0: Bunt missed!
0-1: Ball
1-1: Ball
2-1: Ball
3-1: Foul Ball, location: 9LSFF
3-2: Foul Ball, location: 2F
3-2: Base on Balls
Batting: LHB Bob Gurney 0-0: Foul Ball, location: 2F
0-1: Foul Ball, location: 7LSF
0-2: Fly out, F8 (Flyball, 89S, EV 95.6 MPH)
Batting: RHB Tony Green 0-0: Ball
1-0: Called Strike
1-1: Ball
2-1: Ball
3-1: Called Strike
3-2: Base on Balls
Rodger Curnow to second
Batting: RHB Bob Ghey 0-0: DOUBLE (Line Drive, 78M, EV 93.1 MPH)
Rodger Curnow scores
Tony Green to third
Runner from 3rd tries for Home, SAFE, throw by LF to home
Batting: RHB Derik Fahey 0-0: Ball
1-0: Foul Ball, location: 3DF
1-1: Ball
2-1: Ball
3-1: Foul Ball, location: 2F
3-2: Foul Ball, location: 2RF
3-2: Foul Ball, location: 3DF
3-2: Foul Ball, location: 2F
3-2: Fly out, F4 (Popup, 4, EV 66.3 MPH)
Batting: LHB Tony Tassell 0-0: Ball
1-0: Called Strike
1-1: Ball
2-1: Ball
3-1: Fly out, F6 (Line Drive, 6, EV 66.3 MPH)
Bottom of the 10th over - 2 runs, 1 hit, 0 errors, 1 left on base; Leichhardt 3 - Randwick 3
TOP OF THE 11TH
Leichhardt Lions batting - Pitching for Randwick Green Sox : LHP Laidley Dellow
Pitching: LHP Trev Wearne
Batting: RHB Abe Tofield 0-0: Called Strike
0-1: Ball
1-1: Swinging Strike
1-2: Ball
2-2: Ball
3-2: Base on Balls
Batting: SHB Jason Coaker 0-0: Bunt missed!
0-1: Ball
1-1: Bunt missed!
1-2: Ball
2-2: Fly out, F9 (Line Drive, 9S, EV 96.9 MPH)
Batting: RHB Noel Mayor 0-0: Swinging Strike
0-1: Ball
1-1: Swinging Strike
1-2: Ball
2-2: Ball
3-2: DOUBLE (Line Drive, 9LS, EV 91.3 MPH)
Abe Tofield to third
Runner from 3rd tries for Home, SAFE, throw by RF to home
Batting: SHB Robb Deadman 0-0: Intentional Walk
Batting: RHB Jamie Hanigan 0-0: Called Strike
0-1: Fly out, F9 (Flyball, 9, EV 88.8 MPH)
Batting: LHB Danny Martin 0-0: Ball
1-0: Ball
2-0: Called Strike
2-1: Foul Ball, location: 9LDF
2-2: Foul Ball, location: 2F
2-2: Foul Ball, location: 7LDF
2-2: Foul Ball, location: 3F
2-2: 3-RUN HOME RUN (Flyball, 7D, EV 99.4 MPH), Distance : 399 ft
Batting: LHB Davin Gilder 0-0: Ball
1-0: Ball
2-0: Ball
3-0: Called Strike
3-1: Foul Ball, location: 7LMF
3-2: Ground out U3 (Groundball, 34, EV 107.5 MPH)
Top of the 11th over - 4 runs, 2 hits, 0 errors, 0 left on base; Leichhardt 7 - Randwick 3
BOTTOM OF THE 11TH
Randwick Green Sox batting - Pitching for Leichhardt Lions : RHP Douggie Wyer
Pitching: LHP Deon Nottingham
Batting: RHB Pete Sherrell 0-0: Ball
1-0: Called Strike
1-1: Called Strike
1-2: Ball
2-2: Foul Ball, location: 3DF
2-2: Strikes out swinging
Pinch Hitting: RHB Luke Morgan 0-0: Called Strike
0-1: Fly out, F7 (Flyball, 7LM, EV 103.1 MPH)
Batting: RHB Keefe Lucking 0-0: Ball
1-0: Called Strike
1-1: Foul Ball, location: 3F
1-2: SOLO HOME RUN (Flyball, 7D, EV 101.3 MPH), Distance : 381 ft
Batting: LHB Rodger Curnow 0-0: Ball
1-0: SINGLE (Line Drive, 89S, EV 97.5 MPH)
Batting: LHB Bob Gurney 0-0: SINGLE (Line Drive, 4D, EV 105.6 MPH)
Rodger Curnow to second
Batting: RHB Tony Green 0-0: Called Strike
0-1: DOUBLE (Line Drive, 8LXD, EV 104.4 MPH)
Rodger Curnow scores
Bob Gurney to third
Batting: RHB Bob Ghey 0-0: Ball
1-0: SINGLE (Groundball, 34D, EV 103.8 MPH) (infield hit)
Bob Gurney scores
Tony Green to third
Batting: RHB Derik Fahey 0-0: Called Strike
0-1: Foul Ball, location: 9LDF
0-2: Fly out, F3 (Popup, 3SF, EV 83.1 MPH)
Bottom of the 11th over - 3 runs, 5 hits, 0 errors, 2 left on base; Leichhardt 7 - Randwick 6
Monday, April 22nd , 2024 - OOTP Baseball 24.9 Build 80